 Dungeon Crawl Stone Soup version 0.30-a0-719-gcc4359ea44 (webtiles) character file.

Game seed: 7581331802108552683

812 Newt the Trooper (level 7, 0/56 HPs)
             Began as a Demonspawn Gladiator on Jan 26, 2023.
             Slain by an orc
             ... wielding a +0 war axe
              (3 damage)
             ... on level 5 of the Dungeon.
             The game lasted 00:04:06 (4077 turns).

Newt the Trooper (Demonspawn Gladiator)             Turns: 4077, Time: 00:04:06

Health: 0/56       AC:  7    Str: 12    XL:     7   Next: 61%
Magic:  7/7        EV: 12    Int: 12    God:
Gold:   71         SH:  0    Dex: 20    Spells: 6/6 levels left

rFire   . . .      SeeInvis .    u - +3 rapier of Ogiuc {drain, rPois Str-5 Int+3}
rCold   + . .      Faith    .    (no shield)
rNeg    . . .      Spirit   .    w - +1 leather armour "Sollon" {rPois rC+ Slay+2}
rPois   +          Reflect  .    c - +0 helmet
rElec   .          Harm     .    (no cloak)
rCorr   .          Rampage  .    (no gloves)
Will    +....                    (no boots)
Stlth   ++                       (no amulet)
HPRegen 0.29/turn                l - ring of willpower
MPRegen 0.10/turn                r - +6 ring of dexterity

@: no status effects
A: thin metallic scales 1, demonic guardian 1, powered by death 2, demonic touch
2
a: no special abilities


You were on level 5 of the Dungeon.
You visited 1 branch of the dungeon, and saw 5 of its levels.

You collected 205 gold pieces.
You spent 134 gold pieces at shops.

Inventory:

Hand Weapons
 a - a +0 rapier
 p - a +3 quarterstaff
 u - the +3 rapier of Ogiuc (weapon) {drain, rPois Str-5 Int+3}
   (You found it on level 5 of the Dungeon)

   Str:       It affects your strength (-5).
   Int:       It affects your intelligence (+3).
   rPois:     It protects you from poison.
Missiles
 d - 4 throwing nets (quivered)
 e - a javelin
 m - 2 poisoned darts
Armour
 b - a +0 leather armour
 c - a +0 helmet (worn)
 w - the +1 leather armour "Sollon" (worn) {rPois rC+ Slay+2}
   (You bought it in a shop on level 4 of the Dungeon)

   Slay:      It affects your accuracy & damage with ranged weapons and melee
   (+2).
   rC:        It protects you from cold.
   rPois:     It protects you from poison.
Jewellery
 i - a ring of fire
 l - a ring of willpower (left hand)
 r - a +6 ring of dexterity (right hand)
 t - a ring of flight
Scrolls
 f - a scroll of torment
 g - 4 scrolls of noise
 s - 2 scrolls of teleportation
 v - a scroll of identify
Potions
 h - a potion of might {unknown}
 j - a potion of haste {unknown}
 k - a potion of ambrosia
 n - a potion of lignification {unknown}
 o - 2 potions of degeneration {unknown}
 q - 2 potions of heal wounds {unknown}


   Skills:
 + Level 5.4 Fighting
 - Level 2.6 Short Blades
 - Level 4.0 Staves
 - Level 1.7 Throwing
 - Level 4.0 Armour
 - Level 2.6 Dodging
 - Level 2.0 Stealth


You had 6 spell levels left.
You didn't know any spells.
Your spell library contained the following spells:

 Spells                   Type           Power      Damage    Failure   Level
 Magic Dart               Conj           0%         1d3       38%         1
 Searing Ray              Conj           0%         2d4       54%         2
 Static Discharge         Conj/Air       0%         2-2/arc   54%         2
 Inner Flame              Hex/Fire       0%         N/A       77%         3
 Vhi's Electric Charge    Tloc/Air       0%         N/A       77%         3
 Cause Fear               Hex            0%         N/A       99%         4
 Fulminant Prism          Conj/Hex       0%         3d5       99%         4
 Arcjolt                  Conj/Air       0%         1d10      100%        5
 Fireball                 Conj/Fire      0%         3d3       100%        5
 Iskenderun's Battlesphe  Conj           0%         2d6       100%        5
 Lightning Bolt           Conj/Air       0%         1d11      100%        5
 Conjure Ball Lightning   Conj/Air       0%         3x3d6     100%        6
 Orb of Destruction       Conj           0%         9d5       100%        7
 Discord                  Hex            0%         N/A       100%        8


Dungeon Overview and Level Annotations

Branches:
Dungeon (5/15)
 Temple: D:4-7

Altars:
Ashenzari
Cheibriados
Fedhas
Qazlal
Yredelemnul

Shops:
D:4 [*

Annotations:
D:3 2 transporters


Innate Abilities, Weirdness & Mutations

You are partially covered in thin metallic scales. (AC +2)
A weak demonic guardian rushes to your aid.
You regenerate health from kills.
Your touch may inflict irresistible damage on your foes.


Message History

The orc hits you with a +0 flail. The orc barely misses you.
The orc wizard hits you but does no damage.
The orc barely misses you. The orc misses you. The orc barely misses you.
The orc hits you with a +0 whip.
A demonic guardian appears!
The orc barely misses you.
The orc wizard hits you but does no damage.
You hit the orc wizard. Your touch misses the orc wizard.
The orc wizard is heavily wounded.
The orc misses you. The orc closely misses you. x2
The orc hits you with a +0 whip. The orc wizard completely misses you.
You puncture the orc wizard!
You kill the orc wizard!
Your iron imp hits the orc but does no damage.
The orc hits you but does no damage. x2; The orc hits you with a +0 whip.
The orc barely misses you.
You are too injured to fight recklessly!
You are too injured to fight recklessly!
You are too injured to fight recklessly!
You are too injured to fight recklessly!
You are too injured to fight recklessly!
You are too injured to fight recklessly!
You are too injured to fight recklessly!
You are too injured to fight recklessly!
You are too injured to fight recklessly!
You are too injured to fight recklessly!
You are too injured to fight recklessly!
You are too injured to fight recklessly!
You are too injured to fight recklessly!
Unknown command.
You barely miss the orc. Your touch misses the orc.
Your iron imp misses the orc.
The orc hits you but does no damage. The orc hits you with a +0 flail.
The orc hits you with a +0 whip. The orc hits you with a +0 war axe!
* * * LOW HITPOINT WARNING * * *
The orc hits you with a +1 flail of protection!
* * * LOW HITPOINT WARNING * * *
A demonic guardian appears!
The orc attacks as you move away! The orc barely misses you.
The orc attacks as you move away! The orc hits you with a +0 war axe.
You die...

#........ #.#.....#
#.#....## #.#.#..#
###.#.##.#
############........##
#..5......####........
.#.o...#.......######
#..#o@o#.#...####
#...#oo.#....#
##..5.#......#
#...##......# #...#
##......# #..#
#.###..# #### #.# #.#
#..# #... ## #.# #...
..##


You could see 5 orcs, a friendly iron imp (summoned) and a friendly white imp
(summoned).

Vanquished Creatures
  Sigmund (D:3)
  Blork the orc (D:4)
  4 scorpions
  2 orc priests
  2 iguanas
  4 orc wizards
  4 gnolls (D:5)
  A worm (D:4)
  2 dart slugs
  8 orcs
  7 ball pythons
  3 bats
  4 endoplasms
  A giant cockroach (D:4)
  4 goblins
  2 hobgoblins
  3 jackals (D:3)
  2 kobolds (D:3)
  A quokka (D:4)
  3 frilled lizards
  4 rats
63 creatures vanquished.

Vanquished Creatures (collateral kills)
  An orc priest (D:3)
  An adder (D:4)
  A bat (D:4)
  A goblin (D:3)
  A jackal (D:3)
5 creatures vanquished.

Vanquished Creatures (others)
  3 fungi (D:4)
  A plant (D:4)
4 creatures vanquished.

Grand Total: 72 creatures vanquished

Notes
Turn   | Place    | Note
-------+----------+-------------------------------------------
     0 | D:1      | Newt the Demonspawn Gladiator began the quest for the Orb.
     0 | D:1      | Reached XP level 1. HP: 16/16 MP: 1/1
    79 | D:1      | Reached skill level 1 in Stealth
   288 | D:1      | Gained mutation: Your touch may inflict minor irresistible
                  | damage on your foes. [demonic ancestry]
   288 | D:1      | Reached XP level 2. HP: 18/22 MP: 2/2
  1075 | D:2      | Found a basalt altar of Yredelemnul.
  1530 | D:2      | Reached skill level 3 in Fighting
  1530 | D:2      | Gained mutation: A weak demonic guardian rushes to your
                  | aid. [demonic ancestry]
  1530 | D:2      | Reached XP level 3. HP: 27/29 MP: 3/3
  1723 | D:3      | Reached skill level 4 in Fighting
  1723 | D:3      | Gained mutation: You regenerate a little health from kills.
                  | [demonic ancestry]
  1723 | D:3      | Reached XP level 4. HP: 17/37 MP: 4/4
  1819 | D:3      | Found a transporter.
  1831 | D:3      | Found a broken altar of Ashenzari.
  1831 | D:3      | Noticed a gnoll sergeant
  1835 | D:3      | Noticed a phantom
  1864 | D:3      | Noticed Sigmund
  1876 | D:3      | Reached skill level 1 in Staves
  2250 | D:3      | Gained mutation: You regenerate health from kills. [demonic
                  | ancestry]
  2250 | D:3      | Reached XP level 5. HP: 19/42 MP: 5/5
  2311 | D:3      | Found a transporter.
  2382 | D:3      | HP: 1/42 [Sigmund/+0 scythe (2)]
  2754 | D:3      | Killed Sigmund
  2755 | D:3      | Reached skill level 1 in Armour
  2755 | D:3      | Gained mutation: Your touch may inflict irresistible damage
                  | on your foes. [demonic ancestry]
  2755 | D:3      | Reached XP level 6. HP: 27/48 MP: 6/6
  3164 | D:4      | Found a blossoming altar of Fedhas.
  3168 | D:4      | Found a snail-covered altar of Cheibriados.
  3169 | D:4      | Found a stormy altar of Qazlal.
  3300 | D:4      | Gained mutation: You are partially covered in thin metallic
                  | scales. (AC +2) [demonic ancestry]
  3300 | D:4      | Reached XP level 7. HP: 34/54 MP: 7/7
  3433 | D:4      | Found Irghec's Antique Armour Shoppe.
  3596 | D:4      | Noticed Blork the orc
  3604 | D:4      | Killed Blork the orc
  3665 | D:4      | Found Cyeclaetev's CLEARANCE SALE!.
  3673 | D:4      | Bought the +1 leather armour "Sollon" {rPois rC+ Slay+2}
                  | for 134 gold pieces
  3953 | D:5      | Entered Level 5 of the Dungeon
  3980 | D:5      | Identified the +3 rapier of Ogiuc {drain, rPois Str-5
                  | Int+3}
  4063 | D:5      | Reached skill level 5 in Fighting
  4077 | D:5      | Slain by an orc

Illustrated notes

Levels and vault maps discovered:
D:1:      nicolae_arrival_memento_mori, layout_loops_ring,
          hangedman_glass_teeth, hangedman_decor_opposing
D:2:      layout_basic, basic_altar, kennysheep_potato
D:3:      layout_rooms, gammafunk_temple_overflow_arena, uniq_sigmund
D:4:      old_forge, layout_rooms, nicolae_elyvilon_peaceful_grove,
          grunt_temple_overflow_open, serial_shops, shop,
          minmay_splitting_lines, nicolae_shop_clearance, uniq_blork_the_orc
D:5:      layout_loops_ring, lemuel_coloured_pillars_altar, temple_green,
          hangedman_decor_slide_cut

Skill      XL: |  1  2  3  4  5  6  7 |
---------------+----------------------+-----
Stealth        | 1 2 |  2.0
Fighting       | 3 4 5 |  5.4
Staves         | 2 4 |  4.0
Armour         | 1 3 4 |  4.0
Short Blades   | |  2.6
Throwing       | |  1.7
Dodging        | |  2.6

Action                     |  1- 3 |  4- 6 |  7- 9 || total
---------------------------+-------+-------+-------++-------
  Melee: Rapier            |    37 |       |    28 ||    65
         Quarterstaff      |    23 |    92 |    20 ||   135
         Touch             |     3 |       |     2 ||     5
         Punch             |       |       |     3 ||     3
  Throw: Dart              |       |     2 |       ||     2
    Use: Scroll            |     4 |     3 |     2 ||     9
   Stab: Sleeping          |     1 |       |     3 ||     4
         Distracted        |       |     1 |       ||     1
 Armour: Leather armour    |    16 |    30 |    20 ||    66
  Dodge: Dodged            |    43 |    79 |    52 ||   174

Table legend: (Time is in decaauts)
 A = Elapsed time spent in this place.
 B = Non-inter-level travel time spent in this place.
 C = Inter-level travel time spent in this place.
 D = Time resting spent in this place.
 E = Time spent auto-exploring this place.
 F = Levels seen in this place.
 G = Mean time per level.
                   A        B        C        D        E       F      G
               +--------+--------+--------+--------+--------+-----+--------+
         Total |   4107 |   3928 |    179 |    760 |   2545 |   5 |  821.4 |
       Dungeon |   4107 |   3928 |    179 |    760 |   2545 |   5 |  821.4 |
               +--------+--------+--------+--------+--------+-----+--------+

Top non-repeatable levels by time:
     D:2: 1534 daAuts
     D:4: 915 daAuts
     D:3: 782 daAuts
     D:1: 749 daAuts
     D:5: 125 daAuts
